 Dungeon Crawl Stone Soup version 0.31-a0-692-gf03d1854d5 (webtiles) character file.

Game seed: 10886973099444678279

45 qw the Shooter (level 3, -1/22 HPs)
             Began as a Gargoyle Hunter on Sept 6, 2023.
             Slain by Terence
             ... wielding a +0 mace
              (8 damage)
             ... on level 2 of the Dungeon.
             The game lasted 00:00:28 (868 turns).

qw the Shooter (Gargoyle Hunter)                     Turns: 868, Time: 00:00:29

Health: -1/22      AC:  9    Str: 14    XL:     3   Next: 64%
Magic:  3/3        EV: 10    Int:  9    God:
Gold:   16         SH:  0    Dex: 15    Spells: 2/2 levels left

rFire   . . .        Y - +0 shortbow
rCold   . . .        (shield currently unavailable)
rNeg    + + .        f - +0 ring mail
rPois   inf          l - +0 helmet
rElec   +            (no cloak)
rCorr   .            (no gloves)
SInv    .            (no boots)
Will    .....        (no amulet)
Stlth   +            i - ring of positive energy
HPRegen 0.23/turn    (no ring)
MPRegen 0.08/turn

%: no passive effects
@: no status effects
A: sickness immunity, AC +3, negative energy resistance 1, electricity
resistance, torment resistance 1, petrification resistance
a: no special abilities


You were on level 2 of the Dungeon.
You visited 1 branch of the dungeon, and saw 2 of its levels.

You collected 52 gold pieces.
You spent 36 gold pieces at shops.


Innate Abilities, Weirdness & Mutations

You are immune to sickness and miasma.
Your stone body is resilient. (AC +3)
You are immune to poison.
You resist negative energy. (rN+)
You are resistant to electric shocks. (rElec)
You are resistant to unholy torment.
You are immune to petrification.


   Skills:
 + Level 2.3 Fighting
 - Level 5.0 Ranged Weapons
 - Level 1.0 Armour
 - Level 1.5 Dodging
 - Level 1.1 Stealth


You had 2 spell levels left.
You didn't know any spells.
Your spell library was empty.

Inventory:

Hand Weapons
 Y - a +0 shortbow (weapon)
Armour
 f - a +0 ring mail (worn)
 l - a +0 helmet (worn)
Jewellery
 i - a ring of positive energy (left hand)
Scrolls
 a - a scroll of identify
Potions
 b - a potion of might {unknown}
 c - a potion of curing {unknown}
 g - 2 potions of lignification {unknown}
 j - a potion of brilliance {unknown}
 k - a potion of attraction {unknown}

Dungeon Overview and Level Annotations

Branches:
Dungeon (2/15)

Altars:

Shops:
D:1 =   D:2 *

Annotations:
D:2 Terence


Message History

You shoot an arrow. The arrow closely misses Terence.
Terence hits you but does no damage. Terence barely misses you.
You shoot an arrow. The arrow barely misses Terence.
Terence hits you but does no damage.
You shoot an arrow. The arrow hits Terence.
Terence is lightly wounded.
Terence barely misses you.
You shoot an arrow. The arrow barely misses Terence.
Terence hits you with a +0 mace.
You shoot an arrow.
The arrow hits Terence but does no damage.
Terence is lightly wounded.
Terence hits you but does no damage.
You shoot an arrow. The arrow hits Terence!
Terence is heavily wounded.
Terence hits you but does no damage. Terence closely misses you.
You shoot an arrow.
The arrow hits Terence but does no damage.
Terence is heavily wounded.
Terence barely misses you.
You shoot an arrow. The arrow closely misses Terence.
Terence barely misses you.
You shoot an arrow. The arrow closely misses Terence.
Terence barely misses you.
You shoot an arrow.
The arrow hits Terence but does no damage.
Terence is heavily wounded.
Terence hits you with a +0 mace. x2
You shoot an arrow. The arrow hits Terence.
Terence is heavily wounded.
Terence hits you but does no damage.
You shoot an arrow.
The arrow hits Terence but does no damage.
Terence is heavily wounded.
Terence hits you but does no damage.
You shoot an arrow.
The arrow hits Terence but does no damage.
Terence is heavily wounded.
Terence hits you with a +0 mace!
You die...

# #. ###.#### #. .......####
#.# #.#.......# #..
#.#.......# #.#
#.###.#.....<.##### #.#
#...@............... ##.#
#@#.......######
#..##########.#.......# ##
#....................^# .
#...##..##..##...#..### .#
#..####....####....\####.# #
##.## ##..##
##.#........##.# #..## #..#
##..#...#........
#...###(.###...............#
#.#..........#..####....##.#


You could see Terence.

Vanquished Creatures
  2 adders (D:2)
  4 endoplasms (D:1)
  A giant cockroach (D:1)
  2 hobgoblins (D:1)
  3 kobolds (D:1)
  2 ball pythons (D:1)
  5 bats
  4 goblins (D:1)
  4 rats
27 creatures vanquished.

Notes
Turn   | Place    | Note
-------+----------+-------------------------------------------
     0 | D:1      | qw the Gargoyle Hunter began the quest for the Orb.
     0 | D:1      | Reached XP level 1. HP: 12/12 MP: 1/1
     0 | D:1      | 0 ||| qw: Version: 0.3-a-76-g4403597
     0 | D:1      | 0 ||| qw: Game counter: 147
     0 | D:1      | 0 ||| qw: Melee chars always use a shield: true
     0 | D:1      | 0 ||| qw: God list: Okawaru
     0 | D:1      | 0 ||| qw: Allow faded altars: false
     0 | D:1      | 0 ||| qw: Do Orc after clearing Dungeon:15 true
     0 | D:1      | 0 ||| qw: Do second Lair branch before Depths: true
     0 | D:1      | 0 ||| qw: Lair rune preference: random
     0 | D:1      | 0 ||| qw: Goals: Normal
     0 | D:1      | 0 ||| PLANNING D:1-11
    93 | D:1      | Reached XP level 2. HP: 17/17 MP: 2/2
   491 | D:1      | Found Durekh's Jewellery Boutique.
   526 | D:1      | Reached XP level 3. HP: 21/21 MP: 3/3
   610 | D:1      | 610 ||| SHOPLISTING +6 ring of dexterity (396 gold, have
                  | 47).
   610 | D:1      | 610 ||| SHOPLISTING amulet "Nutaev" {RegenMP rC++ rCorr}
                  | (661 gold, have 47).
   610 | D:1      | 610 ||| SHOPLISTING amulet of faith (440 gold, have 47).
   610 | D:1      | 610 ||| SHOPLISTING amulet of the acrobat (330 gold, have
                  | 47).
   610 | D:1      | 610 ||| SHOPLISTING ring of see invisible (165 gold, have
                  | 47).
   610 | D:1      | 610 ||| SHOPLISTING ring of the Evening {rPois rC- rCorr
                  | Int+2 Stlth+} (343 gold, have 47).
   667 | D:1      | 667 ||| UPGRADING to +0 ring mail.
   677 | D:1      | 677 ||| DROPPING +0 leather armour.
   678 | D:1      | 678 ||| UPGRADING to +0 helmet.
   683 | D:1      | 683 ||| UPGRADING to ring of positive energy.
   684 | D:1      | 684 ||| READING 2 scrolls labelled MUENO JAELA.
   685 | D:1      | 685 ||| READING scroll labelled ZOSKEN HOICEAH.
   689 | D:1      | 689 ||| READING scroll labelled XUOFRA OSAA.
   690 | D:1      | 690 ||| DROPPING scroll of butterflies.
   694 | D:2      | Found Qirry's Assorted Antiques.
   706 | D:2      | 706 ||| SHOPLISTING bronze wand (80 gold, have 52).
   706 | D:2      | 706 ||| BUYING lumpy dark potion (18 gold).
   706 | D:2      | Bought a lumpy dark potion for 18 gold pieces
   706 | D:2      | 706 ||| BUYING purple potion (18 gold).
   706 | D:2      | Bought a purple potion for 18 gold pieces
   706 | D:2      | 706 ||| SHOPLISTING steel ring (100 gold, have 16).
   709 | D:2      | Reached skill level 1 in Armour
   746 | D:2      | Reached skill level 5 in Ranged Weapons
   849 | D:2      | Noticed Terence
   868 | D:2      | Slain by Terence

Levels and vault maps discovered:
D:1:      dpeg_arrival_tiny_a, layout_loops_ring, serial_shops,
          nicolae_shop_peninsula, serial_rivers, chequers_serial_rivers_micro_a,
          chequers_serial_rivers_micro_d, chequers_serial_rivers_micro_c,
          chequers_serial_rivers_micro_e, chequers_serial_rivers_micro_a,
          chequers_serial_rivers_micro_d
D:2:      layout_loops_ring, basic_ecumenical_altar, serial_shops, shop,
          basic_altar, palyth_stone_intersect, uniq_terence

Skill      XL: |  1  2  3 |
---------------+----------+-----
Armour         | 1 |  1.0
Ranged Weapons | 5 |  5.0
Fighting       | |  2.3
Dodging        | |  1.5
Stealth        | |  1.1

Action                     || total
---------------------------++-------
   Fire: Shortbow          ||   134
    Use: Scroll            ||     3
 Armour: Leather armour    ||    26
         Ring mail         ||    39
  Dodge: Dodged            ||    54

Table legend:
 A = Non-vault XP
 B = Vault XP
 C = Vault XP percentage of total XP
 D = Non-vault monster count
 E = Vault monster count
 F = Vault count percentage of total count
                 A         B        C        D         E       F
            +---------+---------+-------+---------+---------+-------
      Total |      65 |       0 |   0.0 |      27 |       0 |   0.0
            +---------+---------+-------+---------+---------+-------
        D:1 |      34 |       0 |   0.0 |      22 |       0 |   0.0
        D:2 |      31 |       0 |   0.0 |       5 |       0 |   0.0
            +---------+---------+-------+---------+---------+-------
